 Dungeon Crawl Stone Soup version 0.29.1-2-gbd0b4ee654 (webtiles) character file.

Game seed: 10096085007187937698

6187 KittyFluff the Carver (level 10, -4/90 HPs)
             Began as a Gargoyle Berserker on Nov 12, 2022.
             Was an Elder of Trog.
             Slain by a gnoll sergeant
             ... wielding a +0 spear
              (10 damage)
             ... on level 8 of the Dungeon.
             The game lasted 00:38:19 (9178 turns).

KittyFluff the Carver (Gargoyle Berserker)          Turns: 9178, Time: 00:38:20

Health: -4/90      AC: 15    Str: 28    XL:     10   Next: 91%
Magic:  0/10       EV: 13    Int:  6    God:    Trog [****..]
Gold:   474        SH:  0    Dex: 13    Spells: 9/9 levels left

rFire   . . .      SeeInvis .   C - +7 Throatcutter {drain, coup de grace}
rCold   + . .      Faith    .   (no shield)
rNeg    + . .      Spirit   +   f - +0 leather armour
rPois   ∞          Reflect  .   (no helmet)
rElec   +          Harm     .   l - +2 cloak {Stlth+}
rCorr   .          Rampage  .   (no gloves)
Will    .....                   M - +0 pair of boots
Stlth   ..........              V - amulet of guardian spirit
HPRegen 0.25/turn               t - ring of Aloqyen {Ice *Slow Fly Str+8 Int-3}
MPRegen 0.12/turn               U - ring of protection from fire

@: berserking, flying, very quick
A: sickness immunity, AC +7, negative energy resistance 1, electricity
resistance, torment resistance 1, petrification resistance
a: Renounce Religion, Berserk, Trog's Hand, Brothers in Arms


You were on level 8 of the Dungeon.
You worshipped Trog.
Trog was greatly pleased with you.
You visited 1 branch of the dungeon, and saw 8 of its levels.
You also visited: Ossuary.

You collected 474 gold pieces.

Inventory:

Hand Weapons
 a - a +0 mace
 C - the +7 Throatcutter (weapon) {drain, coup de grace}
   (You found it on level 4 of the Dungeon)

   A truly terrible weapon, it drains the life of any living foe it strikes.
   It may instantly kill foes which have little health.
 L - a +1 shortbow of flaming
Missiles
 m - 5 javelins
 n - 21 poisoned darts (quivered)
 P - 2 throwing nets
 R - a boomerang
Armour
 f - a +0 leather armour (worn)
 l - a +2 cloak of stealth (worn)
 B - a +0 tower shield
 M - a +0 pair of boots (worn)
 O - the +1 pair of boots of Gravitas {-Tele Will++}
   (You found it on level 6 of the Dungeon)

   -Tele:     It prevents most forms of teleportation.
   Will:      It greatly increases your willpower.
Magical Staves
 y - a staff of poison
Jewellery
 h - a ring of fire
 p - a ring of ice
 t - the ring of Aloqyen (left hand) {Ice *Slow Fly Str+8 Int-3}
   (You found it on level 3 of the Dungeon)

   [ring of ice]

   It enhances your ice magic.
   Str:       It affects your strength (+8).
   Int:       It affects your intelligence (-3).
   rF:        It makes you vulnerable to fire.
   rC:        It protects you from cold.
   Fly:       It grants you flight.
   *Slow:     It may slow you when you take damage.
 E - a ring of willpower
 Q - a ring of magical power
 T - a ring of protection from cold
 U - a ring of protection from fire (right hand)
 V - an amulet of guardian spirit (around neck)
Wands
 s - a wand of charming (8)
 v - a wand of mindburst (13)
 D - a wand of flame (41)
 J - a wand of iceblast (15)
 W - a wand of light (3)
Scrolls
 b - 2 scrolls of butterflies {unknown}
 c - 3 scrolls of enchant armour {unknown}
 d - 4 scrolls of magic mapping {unknown}
 g - 3 scrolls of poison {unknown}
 j - 3 scrolls of teleportation {unknown}
 o - 3 scrolls of immolation {unknown}
 u - 5 scrolls of fear {unknown}
 I - a scroll of summoning {unknown}
 N - a scroll of enchant weapon {unknown}
Potions
 e - 4 potions of curing
 i - a potion of mutation
 k - 2 potions of magic
 q - 3 potions of flight
 r - 2 potions of berserk rage
 w - a potion of ambrosia
 x - 4 potions of attraction
 z - 2 potions of haste
 A - 3 potions of heal wounds
 F - a potion of might
 G - a potion of cancellation {unknown}
 H - a potion of invisibility {unknown}
 K - 2 potions of resistance {unknown}
 S - a potion of lignification {unknown}


   Skills:
 + Level 6.1 Fighting
 * Level 10.1 Long Blades
 + Level 4.5 Maces & Flails
 + Level 0.4 Throwing
 * Level 6.6 Armour
 + Level 4.0 Dodging
 + Level 5.1 Stealth
 * Level 5.5 Shields
 - Level 0.9 Evocations


You had 9 spell levels left.
You didn't know any spells.
Your spell library was empty.

Dungeon Overview and Level Annotations

Branches:
Dungeon (8/15)             Temple (0/1) D:4         Ossuary (visited)
   Lair: D:8-11

Altars:
Elyvilon
Fedhas
Trog
Xom

Annotations:
D:8 1 transporter, SirLogeyBear's ghost, journeyman HOBe


Innate Abilities, Weirdness & Mutations

You are immune to sickness and miasma.
Your stone body is resilient. (AC +7)
You are immune to poison.
You resist negative energy. (rN+)
You are resistant to electric shocks. (rElec)
You are resistant to unholy torment.
You are immune to petrification.


Message History

The gnoll sergeant hits you but does no damage.
You hit SirLogeyBear's ghost.
SirLogeyBear's ghost is lightly damaged.
SirLogeyBear's ghost hits you!! The gnoll sergeant misses you.
A red film seems to cover your vision as you go berserk!
You feel yourself moving faster!
You feel mighty!
The moth of wrath goads the gnoll sergeant on!
The gnoll sergeant goes berserk!
SirLogeyBear's ghost completely misses you.
The gnoll sergeant hits you from afar with a +0 spear!
* * * LOW HITPOINT WARNING * * *
You closely miss SirLogeyBear's ghost. You slice SirLogeyBear's ghost!!
SirLogeyBear's ghost is moderately damaged.
The gnoll sergeant hits you from afar with a +0 spear.
* * * LOW HITPOINT WARNING * * *
SirLogeyBear's ghost hits you but does no damage.
You closely miss SirLogeyBear's ghost.
SirLogeyBear's ghost is moderately damaged.
The gnoll sergeant closely misses you.
You hit SirLogeyBear's ghost but do no damage.
SirLogeyBear's ghost is moderately damaged.
The gnoll sergeant barely misses you.
SirLogeyBear's ghost hits you but does no damage.
You slash SirLogeyBear's ghost!
SirLogeyBear's ghost is moderately damaged.
The gnoll sergeant barely misses you.
SirLogeyBear's ghost closely misses you.
You slash SirLogeyBear's ghost!
SirLogeyBear's ghost is heavily damaged.
The gnoll sergeant barely misses you.
You closely miss SirLogeyBear's ghost.
SirLogeyBear's ghost is heavily damaged.
The gnoll sergeant hits you from afar with a +0 spear!
* * * LOW HITPOINT WARNING * * *
SirLogeyBear's ghost hits you but does no damage.
You hit SirLogeyBear's ghost but do no damage.
SirLogeyBear's ghost is heavily damaged.
The gnoll sergeant hits you from afar with a +0 spear!
You die...

...### #.# #.......##
#....######.##### ##########.##
##.#....#.......### #....# #.##
##..###...........###....#####.##
##.......#####..................
######..###...###..##....########
.# #..###.#.Oyo##..#....# # .#
#..# ###.#gW##..#....###### # .#
##.##.#≈#§###@##..##.......#
####..#...#$.. ##.#..##.......###
.#...©#©...!_.##.©#©.#...........
#.#...#....$......#...#..........
.#.#..##..#≈#....##..#.#.#'##....
#.#.#..#..# #....#..#.#.#.#######
.#.#...###..#...##...#.#.#.#
#.#.#...###...###...#.#.#.##
.#.#.#....#####....#.#.#.#.#


You could see a moth of wrath, an orc warrior (berserk), an ogre, a gnoll
sergeant (berserk) and SirLogeyBear's ghost.

Vanquished Creatures
  A two-headed ogre (D:5)
  A komodo dragon (D:7)
  A kobold demonologist (D:7)
  A troll (D:7)
  A slime creature (D:7)
  Prince Ribbit (D:6)
  Grinder (D:6)
  Eustachio (D:6)
  5 yaks (D:7)
  2 water moccasins
  An ice beast (D:7)
  A sky beast (D:7)
  3 black bears
  A centaur (D:6)
  3 ogres
  2 phantoms (D:7)
  6 bullfrogs
  A kobold brigand (D:4)
  A gnoll sergeant (D:7)
  3 scorpions
  3 necrophages
  A wight (D:5)
  5 killer bees
  5 howler monkeys
  An electric eel (D:7)
  A centaur zombie (Ossuary)
  A human zombie (Ossuary)
  2 orc priests
  7 hounds (D:5)
  9 iguanas
  2 orc wizards
  3 mummies (Ossuary)
  12 gnolls
  11 adders
  2 shadow imps (D:7)
  4 white imps
  2 dart slugs
  9 orcs
  7 ball pythons
  11 endoplasms
  4 giant cockroaches
  3 gnoll zombies (Ossuary)
  3 goblins
  A hobgoblin (D:1)
  11 kobolds
  3 quokkas
  3 bats
  3 frilled lizards
  A goblin zombie (D:5)
  A kobold zombie (Ossuary)
  2 orc zombies (Ossuary)
  A quokka zombie (D:5)
  6 rats
177 creatures vanquished.

Vanquished Creatures (others)
  11 plants (D:7)
11 creatures vanquished.

Grand Total: 188 creatures vanquished

Notes
Turn   | Place    | Note
-------+----------+-------------------------------------------
     0 | D:1      | KittyFluff the Gargoyle Berserker began the quest for the
                  | Orb.
     0 | D:1      | Reached XP level 1. HP: 14/14 MP: 1/1
   448 | D:1      | Reached XP level 2. HP: 19/19 MP: 2/2
  1107 | D:2      | Reached ** piety under Trog
  1108 | D:2      | Found a shimmering altar of Xom.
  1138 | D:2      | Reached XP level 3. HP: 18/24 MP: 3/3
  1463 | D:2      | Noticed an eye of devastation
  1466 | D:2      | Noticed an eye of devastation
  1468 | D:2      | Found a faded altar of an unknown god.
  1470 | D:2      | Noticed a floating eye
  1476 | D:2      | Noticed an eye of devastation
  1694 | D:2      | Reached XP level 4. HP: 29/29 MP: 4/4
  2160 | D:3      | Identified the ring of Aloqyen {Ice *Slow Fly Str+8 Int-3}
  2734 | D:4      | Reached skill level 1 in Stealth
  2926 | D:4      | Reached XP level 5. HP: 32/33 MP: 5/5
  3084 | D:4      | Found a staircase to the Ecumenical Temple.
  3342 | D:4      | Found the +7 Throatcutter {drain, coup de grace}
  3342 | D:4      | Noticed a kobold brigand
  3360 | D:4      | Killed a kobold brigand
  3504 | D:5      | Entered Level 5 of the Dungeon
  3518 | D:5      | Reached skill level 1 in Shields
  3518 | D:5      | Reached XP level 6. HP: 38/38 MP: 6/6
  3704 | D:5      | Found a sand-covered staircase.
  3724 | Ossuary  | Entered an ossuary
  3816 | Ossuary  | Reached *** piety under Trog
  3894 | Ossuary  | Reached skill level 1 in Long Blades
  4066 | D:5      | Noticed a two-headed ogre
  4082 | D:5      | Killed a two-headed ogre
  4083 | D:5      | Reached skill level 4 in Long Blades
  4083 | D:5      | Reached XP level 7. HP: 6/44 MP: 7/7
  4083 | D:5      | Reached XP level 8. HP: 7/48 MP: 8/8
  4371 | D:5      | Reached skill level 5 in Long Blades
  4872 | D:5      | Reached skill level 6 in Long Blades
  5164 | D:5      | Reached XP level 9. HP: 28/53 MP: 9/9
  5570 | D:6      | Noticed Grinder
  5589 | D:6      | Killed Grinder
  5590 | D:6      | Reached skill level 5 in Fighting
  5590 | D:6      | Reached skill level 5 in Armour
  5785 | D:6      | Identified the +1 pair of boots of Gravitas {-Tele Will++}
  6392 | D:6      | Noticed Eustachio
  6405 | D:6      | Killed Eustachio
  6406 | D:6      | Reached skill level 7 in Long Blades
  6702 | D:6      | Noticed Prince Ribbit
  6726 | D:6      | Reached **** piety under Trog
  6741 | D:6      | Killed Prince Ribbit
  7199 | D:7      | Noticed a hornet
  7638 | D:7      | Reached skill level 8 in Long Blades
  7638 | D:7      | Reached XP level 10. HP: 59/59 MP: 10/10
  7730 | D:7      | Reached skill level 5 in Shields
  7971 | D:7      | Reached skill level 9 in Long Blades
  8042 | D:7      | Noticed a kobold demonologist
  8059 | D:7      | Killed a kobold demonologist
  8060 | D:7      | Reached skill level 5 in Stealth
  8618 | D:8      | Found a transporter.
  8628 | D:8      | Found a transporter.
  8629 | D:8      | Found a bloodstained altar of Trog.
  8684 | D:8      | Found a blossoming altar of Fedhas.
  8684 | D:8      | Found a white marble altar of Elyvilon.
  8751 | D:8      | Reached skill level 10 in Long Blades
  9042 | D:8      | Noticed a moth of wrath
  9138 | D:8      | Noticed SirLogeyBear's ghost (journeyman HOBe)
  9178 | D:8      | Slain by a gnoll sergeant

Illustrated notes

Levels and vault maps discovered:
D:1:      nicolae_arrival_somewhat_less_tricky_arrival, layout_rooms,
          serial_rivers, chequers_serial_rivers_small_a,
          chequers_serial_rivers_small_a, chequers_serial_rivers_large_b,
          chequers_serial_rivers_room_b
D:2:      layout_rooms, basic_altar, hellmonk_ecumenical_altar_watching_god,
          hangedman_feature_mirror
D:3:      layout_loops_ring
D:4:      layout_basic, minmay_temple_entry_hall, minivault_5,
          dilly_guarded_unrand_throatcut
D:5:      cheibrodos_fzero, layout_basic, enter_ossuary_4,
          kennysheep_opposing_triangles
D:6:      layout_basic, minivault_10, uniq_prince_ribbit1, uniq_grinder,
          uniq_eustachio
D:7:      nzn_winding_woodlands_medium [nzn_winding_woodlands_5x5_three,
          nzn_winding_woodlands_5x15_pathside_ponds,
          nzn_winding_woodlands_5x5_default,
          nzn_winding_woodlands_5x5_checkerboard,
          nzn_winding_woodlands_center_triple_pond,
          nzn_winding_woodlands_5x5_default,
          nzn_winding_woodlands_5x5_perimeter,
          nzn_winding_woodlands_5x15_lazy_stream,
          nzn_winding_woodlands_5x5_cross], layout_basic, grunt_decor_one_mirror
D:8:      layout_basic, gammafunk_temple_overflow_elements,
          gammafunk_ghost_wrathful_warriors

Skill      XL: |  1  2  3  4  5  6  7  8  9 10 |
---------------+-------------------------------+-----
Dodging        | 2 3 4 |  4.0
Armour         | 3 4 5 6 |  6.6
Stealth        | 1 2 3 4 5 |  5.1
Maces & Flails | 4 |  4.5
Fighting       | 4 5 6 |  6.1
Shields        | 1 2 3 4 5 |  5.5
Long Blades    | 4 6 8 10 | 10.1
Throwing       | |  0.4
Evocations     | |  0.9

Action                   |  1- 3 |  4- 6 |  7- 9 | 10-12 || total
-------------------------+-------+-------+-------+-------++-------
Melee: Mace              |    87 |   116 |       |       ||   203
       Punch             |     1 |     2 |     3 |       ||     6
       Long sword        |       |    43 |   192 |   143 ||   378
Throw: Dart              |       |       |     7 |       ||     7
Invok: Berserk           |       |     3 |       |     3 ||     6
  Use: Scroll            |       |     5 |     4 |     1 ||    10
 Stab: Sleeping          |     5 |    12 |     8 |     4 ||    29
Armor: Animal skin       |    27 |    58 |    17 |       ||   102
       Leather armour    |       |       |    76 |    54 ||   130
Dodge: Dodged            |    55 |    85 |   115 |    73 ||   328
